 Dungeon Crawl Stone Soup version 0.31-a0-175-g9f7f995f2b (webtiles) character file.

Game seed: 934094635015532427

49 qw the Shooter (level 3, 0/23 HPs)
             Began as a Gargoyle Hunter on June 16, 2023.
             Slain by an orc priest
             ... wielding a +0 war axe
              (10 damage)
             ... on level 3 of the Dungeon.
             The game lasted 00:00:31 (1679 turns).

qw the Shooter (Gargoyle Hunter)                    Turns: 1679, Time: 00:00:31

Health: 0/23       AC: 10    Str: 14    XL:     3   Next: 77%
Magic:  3/3        EV: 11    Int:  9    God:
Gold:   47         SH:  0    Dex: 15    Spells: 2/2 levels left

rFire   . . .        Y - +1 shortbow
rCold   . . .        (shield currently unavailable)
rNeg    + . .        c - +0 leather armour
rPois   inf          (no helmet)
rElec   +            (no cloak)
rCorr   .            (no gloves)
SInv    .            (no boots)
Will    .....        i - amulet of the acrobat
Stlth   ++           b - +4 ring of protection
HPRegen 0.23/turn    (no ring)
MPRegen 0.08/turn

%: acrobat
@: no status effects
A: sickness immunity, AC +3, negative energy resistance 1, electricity
resistance, torment resistance 1, petrification resistance
a: no special abilities


You were on level 3 of the Dungeon.
You visited 1 branch of the dungeon, and saw 3 of its levels.

You collected 47 gold pieces.


Innate Abilities, Weirdness & Mutations

You are immune to sickness and miasma.
Your stone body is resilient. (AC +3)
You are immune to poison.
You resist negative energy. (rN+)
You are resistant to electric shocks. (rElec)
You are resistant to unholy torment.
You are immune to petrification.


   Skills:
 - Level 3.0 Fighting
 + Level 5.0 Ranged Weapons
 - Level 1.5 Dodging
 - Level 1.1 Stealth


You had 2 spell levels left.
You didn't know any spells.
Your spell library was empty.

Inventory:

Hand Weapons
 Y - a +1 shortbow (weapon)
Armour
 c - a +0 leather armour (worn)
Jewellery
 b - a +4 ring of protection (left hand)
 i - an amulet of the acrobat (around neck)
Scrolls
 f - a scroll of identify
 g - a scroll of teleportation
Potions
 a - a potion of haste
 d - a potion of lignification {unknown}
 e - a potion of curing {unknown}
 h - a potion of invisibility {unknown}

Dungeon Overview and Level Annotations

Branches:
Dungeon (3/15)

Altars:
Gozag


Message History

The arrow hits the orc priest but does no damage.
You shoot an arrow. The arrow barely misses the orc priest.
The orc priest barely misses you.
You shoot an arrow. The arrow barely misses the orc priest.
The orc priest hits you with a +0 war axe.
You shoot an arrow.
The arrow closely misses the orc priest.
The orc priest hits you but does no damage.
You shoot an arrow.
The arrow hits the orc priest but does no damage.
The orc priest barely misses you. The orc priest closely misses you.
You shoot an arrow. The arrow hits the orc priest.
The orc priest is heavily wounded.
The orc priest hits you but does no damage.
You shoot an arrow. The arrow barely misses the orc priest.
The orc priest hits you with a +0 war axe.
You shoot an arrow. The arrow hits the orc priest.
The orc priest is heavily wounded.
The orc priest barely misses you.
You shoot an arrow. The arrow hits the orc priest.
The orc priest is severely wounded.
The orc priest hits you but does no damage.
You shoot an arrow.
The arrow hits the orc priest but does no damage.
The orc priest is severely wounded.
The orc priest hits you with a +0 war axe!
You shoot an arrow.
The arrow hits the orc priest but does no damage.
The orc priest is severely wounded.
The orc priest closely misses you.
The orc priest looks braver for a moment.
You shoot an arrow.
The arrow hits the orc priest but does no damage.
The orc priest is severely wounded.
The orc priest hits you but does no damage.
You shoot an arrow.
The arrow hits the orc priest but does no damage.
The orc priest is severely wounded.
The orc priest hits you with a +0 war axe!
You die...

## #. ######. ### ###
########...... ###......
..............
#.....#.###.######...##.
.........##.# ###.##.
#..o@###.##### #.##.
#.#)...##.#...# #....
#.#.#....#.#...#######.
#.#.#)#.................
#.#.#.#....#...#>..###.
#.#.#.#.#.....###.#.###.
.#.#.#.#.#..............
.#.#.#.#.#....##.#.###.
.#.#.#.#.#..###.#.# #.


You could see an orc priest.

Vanquished Creatures
  An adder (D:3)
  2 orcs (D:3)
  2 endoplasms (D:1)
  A giant cockroach (D:1)
  4 goblins
  5 hobgoblins
  6 kobolds
  A quokka (D:1)
  7 ball pythons
  3 bats (D:1)
  2 frilled lizards (D:1)
  A rat (D:3)
35 creatures vanquished.

Notes
Turn   | Place    | Note
-------+----------+-------------------------------------------
     0 | D:1      | qw the Gargoyle Hunter began the quest for the Orb.
     0 | D:1      | Reached XP level 1. HP: 12/12 MP: 1/1
     0 | D:1      | 0 ||| qw: Version: 0.2-a-29-g511e9b1
     0 | D:1      | 0 ||| qw: Game counter: 5844
     0 | D:1      | 0 ||| qw: Always use a shield: true
     0 | D:1      | 0 ||| qw: God list: Okawaru
     0 | D:1      | 0 ||| qw: Allow faded altars: false
     0 | D:1      | 0 ||| qw: Do Orc after D:15 true
     0 | D:1      | 0 ||| qw: Do second Lair branch before Depths: true
     0 | D:1      | 0 ||| qw: Lair rune preference: random
     0 | D:1      | 0 ||| qw: Plans: Normal, Zot:1-4, Slime:5, God:TSO, Crypt,
                  | Tomb, Abyss, Pan, Hells, Win
     0 | D:1      | 0 ||| PLANNING D:1-11
   193 | D:1      | Reached XP level 2. HP: 17/17 MP: 2/2
   931 | D:1      | Reached XP level 3. HP: 21/21 MP: 3/3
  1106 | D:1      | 1106 ||| DROPPING ring of magical power.
  1107 | D:1      | 1107 ||| READING scroll labelled PYDECUSTOI.
  1110 | D:1      | 1110 ||| READING 2 scrolls labelled SEFATU XAOS.
  1111 | D:1      | 1111 ||| READING scroll labelled YLYCIASSAU.
  1112 | D:1      | 1112 ||| DROPPING scroll of butterflies.
  1152 | D:2      | Found an opulent altar of Gozag.
  1213 | D:2      | Reached skill level 5 in Ranged Weapons
  1531 | D:2      | 1531 ||| UPGRADING to amulet of the acrobat.
  1536 | D:2      | 1536 ||| UPGRADING to +4 ring of protection.
  1537 | D:2      | 1537 ||| READING scroll labelled NURUNUNATE.
  1538 | D:2      | 1538 ||| READING scroll labelled ZYUZ ANU BUR.
  1539 | D:2      | 1539 ||| DRINKING 2 puce potions.
  1667 | D:3      | Reached skill level 3 in Fighting
  1679 | D:3      | Slain by an orc priest

Levels and vault maps discovered:
D:1:      psy_arrival_fountain, layout_basic, serial_rivers,
          chequers_serial_rivers_micro_e, chequers_serial_rivers_large_b,
          chequers_serial_rivers_micro_e, chequers_serial_rivers_micro_d,
          chequers_serial_rivers_micro_a, chequers_serial_rivers_large_a,
          st_stairs_1, minmay_misc_feat_cross
D:2:      layout_rooms, basic_altar, minmay_pentomino_s2
D:3:      layout_basic, nicolae_the_louvre

Skill      XL: |  1  2  3 |
---------------+----------+-----
Ranged Weapons | 5 |  5.0
Fighting       | 3 |  3.0
Dodging        | |  1.5
Stealth        | |  1.1

Action                     || total
---------------------------++-------
   Fire: Shortbow          ||   112
    Use: Scroll            ||     5
         Potion            ||     1
 Armour: Leather armour    ||    23
  Dodge: Dodged            ||    26

Table legend:
 A = Non-vault XP
 B = Vault XP
 C = Vault XP percentage of total XP
 D = Non-vault monster count
 E = Vault monster count
 F = Vault count percentage of total count
                 A         B        C        D         E       F
            +---------+---------+-------+---------+---------+-------
      Total |      68 |       3 |   4.2 |      33 |       2 |   5.7
            +---------+---------+-------+---------+---------+-------
        D:1 |      31 |       3 |   8.8 |      19 |       2 |   9.5
        D:2 |      17 |       0 |   0.0 |      10 |       0 |   0.0
        D:3 |      20 |       0 |   0.0 |       4 |       0 |   0.0
            +---------+---------+-------+---------+---------+-------
